[Event "Titled Tuesday Blitz December 27 Early 2022"]
[White "Herman, Daniel"]
[Black "Bogaudinov, Rushan"]
[WhiteFideId "30935008"]
[BlackFideId "4129288"]
[WhiteElo "1956"]
[BlackElo "1939"]
[Result "0-1"]
[Round "09"]
[TimeControl "180+2"]
[Date "2022.12.27"]
[WhiteClock "0:00:15"]
[BlackClock "0:00:47"]

1. c4 e5 2. h3 Nf6 3. g4 Nc6 4. Bg2 Bc5 5. Nc3 d6 6. d3 Be6 7. Bg5 h6 8. Bxf6 Qxf6 9. Ne4 Qe7 10. Nxc5 dxc5 11. Nf3 O-O 12. Qd2 e4 13. dxe4 Bxc4 14. O-O Qxe4 15. Rac1 Qxe2 16. Qxe2 Bxe2 17. Rfe1 Ba6 18. Rxc5 Rfe8 19. Rcc1 Kf8 20. Nh4 Rxe1+ 21. Rxe1 Re8 22. Rxe8+ Kxe8 23. Nf5 Kf8 24. Bxc6 bxc6 25. b4 Bc4 26. f4 Bxa2 27. Kf2 Be6 28. Nd4 Bd5 29. h4 g6 30. Ke3 Ke7 31. g5 h5 32. f5 Kd6 33. Ne2 c5 34. bxc5+ Kxc5 35. Nf4 a5 36. fxg6 fxg6 37. Nxg6 a4 38. Ne5 a3 39. Nd3+ Kd6 40. Nb4 a2 41. Nc2 Ke5 42. Na1 Kf5 43. Kd4 c6 44. Nc2 Kg4 45. g6 Kxh4 46. Ke5 Kg5 47. g7 Kg6 0-1


[Site "https://www.chess.com"]

[Event "Titled Tuesday Blitz December 27 Early 2022"]
[White "Hirneise, Jens"]
[Black "Odegov, Artem"]
[WhiteFideId "24614734"]
[BlackFideId "34183644"]
[WhiteElo "2277"]
[BlackElo "2261"]
[Result "1/2-1/2"]
[Round "09"]
[TimeControl "180+2"]
[Date "2022.12.27"]
[WhiteClock "0:00:10"]
[BlackClock "0:00:09"]

1. d4 Nf6 2. Nf3 c5 3. dxc5 e6 4. e3 Bxc5 5. c4 O-O 6. Nc3 b6 7. Be2 Bb7 8. O-O d5 9. b3 Nbd7 10. Bb2 Qe7 11. Rc1 Rfd8 12. Qc2 Rac8 13. Qb1 Ne4 14. Nxe4 dxe4 15. Nd4 a6 16. Rfd1 Ne5 17. Qa1 Re8 18. a3 Qg5 19. Kf1 Qh4 20. h3 Qg5 21. b4 Bf8 22. Rc2 Nd3 23. g3 Ne5 24. h4 Qe7 25. c5 bxc5 26. bxc5 Nf3 27. Nxf3 exf3 28. Bd3 Rxc5 29. Qb1 Rxc2 30. Qxc2 h6 31. Be4 Rc8 32. Qd3 a5 33. Kg1 a4 34. Kh2 Qc7 35. Be5 Qe7 36. Bxb7 Qxb7 37. e4 Qb3 38. Qxb3 axb3 39. Rb1 Rc2 40. Kg1 Ra2 41. Rxb3 Rxa3 42. Rxa3 Bxa3 43. g4 f6 44. Bd4 Kf7 45. e5 h5 46. gxh5 f5 47. Kh2 f4 48. Kh3 g6 49. hxg6+ Kxg6 50. Kg4 Be7 51. h5+ Kh6 52. Bc3 Bd8 53. Bd2 Bg5 54. Bc1 Be7 55. Bxf4+ Kh7 56. Kxf3 Bc5 57. Kg4 Bxf2 58. Bg5 Bc5 59. Kf4 Bf8 60. Ke4 Bh6 61. Bf6 Bf8 62. Bg5 Bh6 63. Kf4 Bg7 64. Bf6 Bf8 65. Kg4 Bh6 66. Bg5 Bg7 67. Bf4 Bh8 68. h6 Bxe5 69. Bxe5 Kxh6 70. Kf4 Kg6 71. Ke4 Kf7 72. Bf4 Ke7 73. Ke5 Ke8 74. Bg5 Kf7 75. Bf6 Kg6 76. Kxe6 1/2-1/2


[Site "https://www.chess.com"]

[Event "Titled Tuesday Blitz December 27 Early 2022"]
[White "Janaszak, Dawid"]
[Black "Goltseva, Ekaterina"]
[WhiteFideId "1119206"]
[BlackFideId "24173770"]
[WhiteElo "2316"]
[BlackElo "2283"]
[Result "1-0"]
[Round "09"]
[TimeControl "180+2"]
[Date "2022.12.27"]
[WhiteClock "0:01:27"]
[BlackClock "0:00:07"]

1. e4 e6 2. b3 d5 3. Bb2 dxe4 4. Nc3 Nf6 5. Qe2 Bd7 6. Nxe4 Nxe4 7. Qxe4 Bc6 8. Qe3 Nd7 9. O-O-O a5 10. a4 Nf6 11. Nf3 Nd5 12. Qe5 Qd7 13. Nd4 Nb4 14. Nxc6 Nxc6 15. Qe4 f6 16. Bc4 e5 17. d4 f5 18. Qe3 e4 19. d5 Ne7 20. Bb5 c6 21. dxc6 bxc6 22. Rxd7 Kxd7 23. Rd1+ Kc7 24. Be5+ Kb7 25. Qc5 cxb5 26. Rd7+ Ka6 27. axb5# 1-0


[Site "https://www.chess.com"]

[Event "Titled Tuesday Blitz December 27 Early 2022"]
[White "Jiganchine, Roman"]
[Black "Tymrakiewicz, Rafal"]
[WhiteFideId "2603667"]
[BlackFideId "1108832"]
[WhiteElo "2205"]
[BlackElo "2144"]
[Result "1/2-1/2"]
[Round "09"]
[TimeControl "180+2"]
[Date "2022.12.27"]
[WhiteClock "0:00:09"]
[BlackClock "0:00:06"]

1. e4 Nf6 2. e5 Nd5 3. c4 Nb6 4. c5 Nd5 5. Nc3 c6 6. Bc4 e6 7. d4 b6 8. cxb6 Qxb6 9. Nf3 Ba6 10. Bxa6 Nxa6 11. O-O Be7 12. Ne4 O-O 13. a3 f5 14. exf6 Nxf6 15. Qe2 Nc7 16. Nc3 Ncd5 17. Rd1 a5 18. Ne5 Ra7 19. Be3 Rb8 20. Rd2 Qb3 21. Nxd5 Nxd5 22. Re1 Bf6 23. Nd3 Qc4 24. Qg4 a4 25. h3 Rab7 26. Nc5 Ra7 27. Qe4 Kh8 28. h4 Ne7 29. h5 Qd5 30. Qg4 Qf5 31. Qxf5 Nxf5 32. g4 Nd6 33. Kg2 h6 34. Rc2 Kg8 35. f3 Kf8 36. Rd1 Ke8 37. Nd3 Nf7 38. d5 Ra6 39. dxe6 dxe6 40. Nc5 Rab6 41. Nxe6 Rxb2 42. Rdd2 Rxc2 43. Rxc2 Kd7 44. Nc5+ Kd6 45. Ne4+ Kd7 46. Nc5+ Ke8 47. Ne4 Be5 48. Rxc6 Rb2+ 49. Kf1 Kd7 50. Ra6 Rb3 51. Ke2 Rxa3 52. Nc5+ Ke8 53. Ra8+ Ke7 54. Ra7+ Kf6 55. Ra6+ Ke7 56. Ra7+ Kd8 57. Ra8+ Kc7 58. Ra7+ Kc6 59. Rxf7 Rxe3+ 60. Kxe3 Kxc5 61. Ke4 Bb2 62. Rb7 a3 63. Ra7 Kb4 64. f4 Kb3 65. g5 a2 66. gxh6 gxh6 67. Kf5 a1=Q 68. Rxa1 Bxa1 69. Kg6 Kc4 70. Kxh6 Kd5 71. Kg6 Ke6 72. f5+ Ke7 73. h6 Kf8 74. f6 Bxf6 75. Kxf6 Kg8 76. Kg6 Kh8 77. h7 1/2-1/2


[Site "https://www.chess.com"]

[Event "Titled Tuesday Blitz December 27 Early 2022"]
[White "Jimenez, Joaquin"]
[Black "Diaz, Fernando"]
[WhiteFideId "109860"]
[BlackFideId "3701255"]
[WhiteElo "2195"]
[BlackElo "2121"]
[Result "1-0"]
[Round "09"]
[TimeControl "180+2"]
[Date "2022.12.27"]
[WhiteClock "0:00:06"]
[BlackClock "0:00:06"]

1. e4 e6 2. d4 d5 3. Nd2 Nf6 4. e5 Nfd7 5. Bd3 c5 6. c3 Nc6 7. Ne2 cxd4 8. cxd4 f6 9. Nf4 Nxd4 10. Qh5+ Ke7 11. Ng6+ hxg6 12. exf6+ Nxf6 13. Qxh8 Kf7 14. f4 Qb6 15. O-O Nc2+ 16. Kh1 Nxa1 17. Nf3 Ke8 18. Bxg6+ Ke7 19. b3 Nc2 20. Bxc2 Qc5 21. Bd3 Bd7 22. Ne5 Bc6 23. f5 d4 24. Bf4 Rd8 25. fxe6 Be8 26. Qh3 Rd5 27. Nc4 b5 28. Nd2 Rh5 29. Qg3 Bc6 30. Nf3 Qd5 31. Rc1 a6 32. Qf2 Ne4 33. Bxe4 Qxe4 34. Bg3 Rd5 35. Re1 Qg6 36. Bh4+ Kd6 37. e7 Bxe7 38. Bxe7+ Kc7 39. Qg3+ Qxg3 40. hxg3 d3 41. Rd1 Rh5+ 42. Kg1 g5 43. Rxd3 g4 44. Nh4 Re5 45. Bd6+ 1-0


[Site "https://www.chess.com"]

[Event "Titled Tuesday Blitz December 27 Early 2022"]
[White "Kamsky, Gata"]
[Black "Weetik, Vjacheslav"]
[WhiteFideId "2000024"]
[BlackFideId "4153472"]
[WhiteElo "2665"]
[BlackElo "2423"]
[Result "1-0"]
[Round "09"]
[TimeControl "180+2"]
[Date "2022.12.27"]
[WhiteClock "0:02:09"]
[BlackClock "0:01:14"]

1. d4 d5 2. Bf4 c5 3. e3 Nc6 4. c3 Qb6 5. Qb3 c4 6. Qc2 e5 7. Bxe5 Bf5 8. Qc1 Nxe5 9. dxe5 f6 10. e6 Qxe6 11. Nf3 Bc5 12. Nbd2 Ne7 13. Be2 g5 14. b3 cxb3 15. Nxb3 Bb6 16. Nfd4 Qd6 17. Nxf5 Nxf5 18. Bb5+ Kf8 19. O-O Kg7 20. Qc2 Qe5 21. Rad1 Rac8 22. Bd7 Rxc3 23. Qxf5 Qxf5 24. Bxf5 Rd8 25. Nd4 Kf7 26. Bxh7 1-0


[Site "https://www.chess.com"]

[Event "Titled Tuesday Blitz December 27 Early 2022"]
[White "Kazancev, Valerij M"]
[Black "Royal, Shreyas"]
[WhiteFideId "4179609"]
[BlackFideId "448869"]
[WhiteElo "2313"]
[BlackElo "2438"]
[Result "0-1"]
[Round "09"]
[TimeControl "180+2"]
[Date "2022.12.27"]
[WhiteClock "0:01:20"]
[BlackClock "0:01:47"]

1. c4 c6 2. Nf3 d5 3. g3 Nf6 4. Bg2 g6 5. O-O Bg7 6. b3 Ne4 7. d4 O-O 8. Bb2 Nd7 9. Qc2 Qc7 10. cxd5 Ndf6 11. dxc6 Bf5 12. Qd1 bxc6 13. Nh4 Be6 14. Nd2 Bd5 15. Nc4 Rad8 16. Qc1 Ng4 17. f3 Nxg3 18. hxg3 Qxg3 19. fxg4 Qxh4 20. Qf4 Bh6 21. g5 Qxf4 22. Rxf4 Bxg5 23. Rh4 Bxh4 0-1


[Site "https://www.chess.com"]

[Event "Titled Tuesday Blitz December 27 Early 2022"]
[White "Kho, Darrell"]
[Black "De Souza, Cristiano Gomes"]
[WhiteFideId "1019317"]
[BlackFideId "2151758"]
[WhiteElo "2075"]
[BlackElo "2018"]
[Result "0-1"]
[Round "09"]
[TimeControl "180+2"]
[Date "2022.12.27"]
[WhiteClock "0:01:07"]
[BlackClock "0:02:32"]

1. e4 c5 2. Nf3 d6 3. Bb5+ Bd7 4. Bxd7+ Qxd7 5. c4 Nc6 6. Nc3 g6 7. d4 cxd4 8. Nxd4 Bg7 9. Be3 Nf6 10. O-O O-O 11. f3 a5 12. Qd2 Nxd4 13. Bxd4 Qc6 14. Nd5 Nxd5 15. cxd5 Bxd4+ 16. Qxd4 Qc5 17. Qxc5 dxc5 18. Rfc1 Rfc8 19. a4 b6 20. Rc2 Rd8 21. Kf2 Kg7 22. Ke3 Kf6 23. f4 e6 24. e5+ Kf5 25. d6 f6 26. exf6 Rxd6 27. Re1 Rad8 28. Kf3 Rd3+ 29. Kf2 Rd2+ 30. Re2 Rxe2+ 31. Rxe2 Kxf6 32. g4 Rd4 33. Kg3 Rxa4 34. g5+ Kf7 35. Rd2 Ke7 0-1


[Site "https://www.chess.com"]

[Event "Titled Tuesday Blitz December 27 Early 2022"]
[White "Khoroshev, Nikita"]
[Black "Andreev, Konstantin"]
[WhiteFideId "14200287"]
[BlackFideId "24239305"]
[WhiteElo "2336"]
[BlackElo "2195"]
[Result "1-0"]
[Round "09"]
[TimeControl "180+2"]
[Date "2022.12.27"]
[WhiteClock "0:02:18"]
[BlackClock "0:02:03"]

1. d4 Nf6 2. c4 e6 3. Nf3 d5 4. Nc3 dxc4 5. a4 c5 6. e3 Nc6 7. Bxc4 cxd4 8. exd4 Bb4 9. O-O O-O 10. d5 exd5 11. Nxd5 Nxd5 12. Bxd5 Ne7 13. Be4 Qc7 14. Bg5 Be6 15. Qd4 Bc5 16. Rac1 Bb6 17. Rxc7 Bxd4 18. Nxd4 1-0


[Site "https://www.chess.com"]

[Event "Titled Tuesday Blitz December 27 Early 2022"]
[White "Kleiman, Jake"]
[Black "Bettalli, Francesco"]
[WhiteFideId "2020041"]
[BlackFideId "2816453"]
[WhiteElo "2399"]
[BlackElo "2252"]
[Result "0-1"]
[Round "09"]
[TimeControl "180+2"]
[Date "2022.12.27"]
[WhiteClock "0:00:16"]
[BlackClock "0:00:21"]

1. e4 g6 2. d4 Bg7 3. Nc3 c6 4. Nf3 d6 5. h3 b5 6. Be3 Qa5 7. Bd3 Nf6 8. O-O Nbd7 9. Re1 e5 10. dxe5 Nxe5 11. Be2 Qc7 12. Nxe5 dxe5 13. Bc5 Bf8 14. Be3 Bg7 15. Bc5 Bf8 16. Bxf8 Kxf8 17. Bf1 Kg7 18. Qf3 Be6 19. a4 b4 20. Nd1 Rhd8 21. Ne3 Rd4 22. Bd3 Rad8 23. b3 Nd7 24. Bc4 Nc5 25. Bxe6 Nxe6 26. Ng4 Nf4 27. g3 Nh5 28. Rad1 Qe7 29. Rxd4 Rxd4 30. Rd1 Qc5 31. Rxd4 Qxd4 32. Kg2 Qd6 33. Qe3 c5 34. Qh6+ Kg8 35. Qg5 f6 36. Qe3 Ng7 37. Qe2 h5 38. Ne3 Qd4 39. Nd5 Kf7 40. Qa6 Qxe4+ 41. Kh2 Qxd5 42. Qxa7+ Kg8 43. a5 Qd4 44. Kg2 Qe4+ 45. Kg1 h4 46. g4 Ne6 47. Qa6 Nf4 48. Qc4+ Qxc4 49. bxc4 Ne6 50. a6 Nc7 51. a7 Kf7 52. Kg2 Na8 53. Kf3 Ke6 54. Ke4 f5+ 55. gxf5+ gxf5+ 56. Ke3 Kd6 57. f4 e4 58. Ke2 Kc6 59. Kd2 Kb7 60. Ke3 Kxa7 61. Ke2 Kb6 62. Kd2 Nc7 63. Ke3 Ne6 64. Kd2 Nxf4 65. Ke3 Nxh3 0-1


[Site "https://www.chess.com"]

[Event "Titled Tuesday Blitz December 27 Early 2022"]
[White "Korchmar, Vasiliy"]
[Black "Marjanovic, Annamaria"]
[WhiteFideId "24131750"]
[BlackFideId "750930"]
[WhiteElo "2438"]
[BlackElo "2273"]
[Result "1-0"]
[Round "09"]
[TimeControl "180+2"]
[Date "2022.12.27"]
[WhiteClock "0:01:14"]
[BlackClock "0:01:27"]

1. e4 e5 2. Nf3 Nc6 3. Bc4 Bc5 4. c3 Nf6 5. d3 d6 6. Bg5 h6 7. Bh4 g5 8. Bg3 Bg4 9. O-O Qd7 10. Nbd2 Bb6 11. b4 a5 12. b5 Ne7 13. Qb3 Ng6 14. d4 Bxf3 15. Nxf3 Nxe4 16. dxe5 g4 17. e6 fxe6 18. Bxe6 Qg7 19. Bxg4 Ne7 20. Bh5+ Kd7 21. Rfe1 Nc5 22. Qc4 Raf8 23. Bg4+ Nf5 24. Nh4 Qg5 25. Nxf5 Rxf5 26. Qf7+ 1-0


[Site "https://www.chess.com"]

[Event "Titled Tuesday Blitz December 27 Early 2022"]
[White "Koridze, Lile"]
[Black "Stead, Kerry"]
[WhiteFideId "13612514"]
[BlackFideId "3202577"]
[WhiteElo "2191"]
[BlackElo "1908"]
[Result "0-1"]
[Round "09"]
[TimeControl "180+2"]
[Date "2022.12.27"]
[WhiteClock "0:00:02"]
[BlackClock "0:00:10"]

1. d4 c5 2. d5 f5 3. c4 g6 4. e4 d6 5. Nd2 Bg7 6. Ngf3 Qa5 7. Bd3 fxe4 8. Bxe4 Nf6 9. Bd3 Nbd7 10. O-O Ng4 11. Ng5 Nde5 12. Be2 Nf6 13. f4 Nf7 14. Ne6 Bxe6 15. dxe6 Nd8 16. Bf3 Qa6 17. Qe2 O-O 18. Ne4 Ne8 19. Ng5 Nc7 20. Bg4 h6 21. Nf3 Rf6 22. Nh4 Ndxe6 23. f5 Nd4 24. Qxe7 Rf7 25. Qe4 Re8 26. Qd3 g5 27. Ng6 d5 28. b3 dxc4 29. bxc4 Qa4 30. Bb2 Qc2 31. Qxc2 Nxc2 32. Bxg7 Kxg7 33. Rac1 Ne3 34. f6+ Kxg6 35. Rf3 Nxg4 36. Rcf1 Rxf6 37. h3 Rxf3 0-1


[Site "https://www.chess.com"]

[Event "Titled Tuesday Blitz December 27 Early 2022"]
[White "Kovacevic, Radmila"]
[Black "Mitrovic, Darko R"]
[WhiteFideId "933171"]
[BlackFideId "927023"]
[WhiteElo "2106"]
[BlackElo "2220"]
[Result "1-0"]
[Round "09"]
[TimeControl "180+2"]
[Date "2022.12.27"]
[WhiteClock "0:01:10"]
[BlackClock "0:01:04"]

1. e4 e6 2. d3 d5 3. Qe2 Be7 4. Nf3 Nf6 5. g3 O-O 6. Bg2 c5 7. O-O Nc6 8. e5 Nd7 9. c3 b5 10. h4 a5 11. Bf4 Ba6 12. Nbd2 a4 13. a3 Rc8 14. Rfe1 b4 15. c4 Nb6 16. axb4 Nxb4 17. Rac1 dxc4 18. dxc4 Nd3 19. Rcd1 Nxe1 20. Nxe1 Qd4 21. Ne4 Qxc4 22. Qg4 Nd5 23. Bh6 g6 24. Bf1 Qxf1+ 25. Kh2 1-0


[Site "https://www.chess.com"]

[Event "Titled Tuesday Blitz December 27 Early 2022"]
[White "Larina, Maria"]
[Black "Mohammadian, Mohammad"]
[WhiteFideId "24113182"]
[BlackFideId "12566055"]
[WhiteElo "1948"]
[BlackElo "1398"]
[Result "0-1"]
[Round "09"]
[TimeControl "180+2"]
[Date "2022.12.27"]
[WhiteClock "0:00:10"]
[BlackClock "0:01:28"]

1. e4 e5 2. Nf3 Nc6 3. Nc3 Nf6 4. Bb5 d6 5. d4 exd4 6. Nxd4 Bd7 7. Bxc6 bxc6 8. Qf3 Be7 9. e5 dxe5 10. Nxc6 Bxc6 11. Qxc6+ Nd7 12. O-O O-O 13. Rd1 Bd6 14. Nb5 Rb8 15. Be3 Nb6 16. Nxd6 cxd6 17. Rxd6 Qh4 18. g3 Qg4 19. f3 Qb4 20. b3 Rbc8 21. a3 Rxc6 22. axb4 Rxc2 23. Rxa7 Nc8 24. Rda6 Nxa7 25. Rxa7 Rb2 26. b5 Rxb3 27. b6 Rb8 28. b7 R3xb7 0-1


[Site "https://www.chess.com"]

[Event "Titled Tuesday Blitz December 27 Early 2022"]
[White "Lenderman, Aleksandr"]
[Black "Balakrishnan, Praveen"]
[WhiteFideId "2021285"]
[BlackFideId "2064871"]
[WhiteElo "2572"]
[BlackElo "2529"]
[Result "1-0"]
[Round "09"]
[TimeControl "180+2"]
[Date "2022.12.27"]
[WhiteClock "0:01:12"]
[BlackClock "0:00:01"]

1. Nf3 d5 2. e3 Nf6 3. c4 e6 4. Nc3 c5 5. cxd5 exd5 6. Bb5+ Bd7 7. Bxd7+ Qxd7 8. O-O Nc6 9. b3 Be7 10. Bb2 O-O 11. d4 b6 12. dxc5 bxc5 13. Rc1 Rac8 14. Na4 Ne4 15. Nd2 Qf5 16. Nxe4 dxe4 17. Bc3 Rfd8 18. Qe2 Nb4 19. Bxb4 cxb4 20. Qa6 Rxc1 21. Rxc1 Qd7 22. g3 h5 23. Qc4 Qd2 24. Qc2 Bf6 25. h4 Qd5 26. Qe2 Qf5 27. Kg2 a5 28. Rc5 Rd5 29. Rxd5 Qxd5 30. Nb6 Qc6 31. Nc4 a4 32. Qxh5 axb3 33. axb3 g6 34. Qg4 Kg7 35. h5 Bc3 36. hxg6 fxg6 37. Qf4 Qd5 38. g4 Bf6 39. Qd6 Qg5 40. Qd7+ Kh6 41. Nd6 Qh4 42. Nxe4 1-0


[Site "https://www.chess.com"]

[Event "Titled Tuesday Blitz December 27 Early 2022"]
[White "Levitan, Caleb Levi"]
[Black "Tharushi, T H D Niklesha"]
[WhiteFideId "14332620"]
[BlackFideId "9918264"]
[WhiteElo "2129"]
[BlackElo "1570"]
[Result "1-0"]
[Round "09"]
[TimeControl "180+2"]
[Date "2022.12.27"]
[WhiteClock "0:01:21"]
[BlackClock "0:02:35"]

1. e4 c6 2. d4 d5 3. exd5 cxd5 4. Bd3 Nf6 5. c3 Nc6 6. Bf4 e6 7. Nd2 Bd6 8. Bg3 O-O 9. Ngf3 Re8 10. Ne5 Qc7 11. f4 Nd7 12. Bxh7+ Kxh7 13. Qh5+ Kg8 14. Qxf7+ Kh8 15. Qxe8+ Kh7 16. Qg6+ Kg8 17. Qxe6+ Kh7 18. Qg6+ Kh8 19. Qxd6 Qxd6 20. Nf7+ Kg8 21. Nxd6 Nf6 22. Nxc8 Rxc8 23. O-O Rf8 24. Rae1 Ng4 25. h3 Nh6 26. Nb3 Nf5 27. Bf2 1-0


[Site "https://www.chess.com"]

[Event "Titled Tuesday Blitz December 27 Early 2022"]
[White "Lewtak, Damian"]
[Black "Rangel, Daniel"]
[WhiteFideId "1141724"]
[BlackFideId "2124475"]
[WhiteElo "2381"]
[BlackElo "2207"]
[Result "0-1"]
[Round "09"]
[TimeControl "180+2"]
[Date "2022.12.27"]
[WhiteClock "0:00:05"]
[BlackClock "0:00:09"]

1. b3 Nf6 2. Bb2 g6 3. g3 Bg7 4. Bg2 O-O 5. Nf3 c5 6. O-O Nc6 7. c4 d5 8. cxd5 Qxd5 9. Nc3 Qd8 10. Rc1 Nd4 11. e3 Nxf3+ 12. Bxf3 Rb8 13. d4 cxd4 14. exd4 Bf5 15. Re1 e6 16. g4 Nxg4 17. Bxg4 Qg5 18. h3 h5 19. f4 Qxf4 20. Bxf5 Qg3+ 21. Kh1 exf5 22. Qe2 Qxh3+ 23. Qh2 Qxh2+ 24. Kxh2 Bxd4 25. Na4 Bxb2 26. Nxb2 Rbc8 27. Kg3 Rfd8 28. Rxc8 Rxc8 29. Nc4 Rc7 30. Nd6 Rd7 31. Ne8 Kf8 32. Kf4 Re7 33. Rxe7 Kxe7 34. Nc7 f6 35. a4 h4 36. Nd5+ Ke6 37. Nc7+ Kf7 38. Nd5 g5+ 39. Kf3 Ke6 40. Ne3 Ke5 41. Nc4+ Kd4 42. Ne3 f4 43. Ng4 f5 44. Nh6 Ke5 45. Nf7+ Kf6 46. Nd6 h3 47. Nc4 g4+ 48. Kf2 Kg5 49. Nd2 g3+ 50. Kf3 h2 51. Kg2 Kf6 52. Nf3 Ke6 53. b4 Kd5 54. b5 Kc5 55. Nh4 Kb4 56. Nxf5 Kxa4 57. Nd4 Kb4 58. Ne2 f3+ 0-1


[Site "https://www.chess.com"]

[Event "Titled Tuesday Blitz December 27 Early 2022"]
[White "Makarian, Rudik"]
[Black "Mikhailovsky, Vladimir"]
[WhiteFideId "44105681"]
[BlackFideId "34105414"]
[WhiteElo "2545"]
[BlackElo "2215"]
[Result "1-0"]
[Round "09"]
[TimeControl "180+2"]
[Date "2022.12.27"]
[WhiteClock "0:00:09"]
[BlackClock "0:00:03"]

1. d4 d6 2. Nf3 Nf6 3. c4 g6 4. Nc3 Bf5 5. Qb3 Qc8 6. h3 Bg7 7. g4 Bd7 8. Bg2 Nc6 9. Qd1 O-O 10. Bg5 e5 11. dxe5 Nxe5 12. Nxe5 dxe5 13. Qd2 c6 14. O-O-O Be6 15. c5 Nd5 16. Nxd5 cxd5 17. Bxd5 Qxc5+ 18. Kb1 Bxd5 19. Qxd5 Qxf2 20. Be7 Qxe2 21. Bxf8 Rxf8 22. Qxb7 a5 23. Rhe1 Qh2 24. Qf3 e4 25. Re2 exf3 26. Rxh2 f5 27. g5 h6 28. h4 hxg5 29. hxg5 Be5 30. Rf2 Bg3 31. Rxf3 f4 32. Rd6 Kg7 33. Rd5 Re8 34. Rxa5 Kf7 35. a4 Re1+ 36. Ka2 Re2 37. Rb5 Re4 38. Ka3 Be1 39. a5 Bd2 40. a6 Re6 41. Rb7+ Ke8 42. a7 Ra6+ 43. Kb3 Be3 44. Rb8+ 1-0


[Site "https://www.chess.com"]

[Event "Titled Tuesday Blitz December 27 Early 2022"]
[White "McCoy, Owen"]
[Black "Barbashin, Igor"]
[WhiteFideId "30924502"]
[BlackFideId "4155718"]
[WhiteElo "2085"]
[BlackElo "2169"]
[Result "1-0"]
[Round "09"]
[TimeControl "180+2"]
[Date "2022.12.27"]
[WhiteClock "0:00:10"]
[BlackClock "0:00:00"]

1. Nf3 Nf6 2. b3 g6 3. Bb2 Bg7 4. d4 O-O 5. e3 d6 6. Be2 Nbd7 7. c4 c6 8. Nc3 e5 9. O-O exd4 10. Nxd4 Ne5 11. Nc2 Re8 12. e4 Neg4 13. f3 Qb6+ 14. Kh1 Nf2+ 15. Rxf2 Qxf2 16. Qxd6 Be6 17. Rf1 Qh4 18. Qg3 Qxg3 19. hxg3 Nh5 20. Kh2 Rad8 21. Rc1 Rd2 22. Bf1 Red8 23. f4 Nf6 24. e5 Ng4+ 25. Kg1 Kf8 26. Ba3+ Kg8 27. Ne4 Rd1 28. Nd6 Rxc1 29. Bxc1 b6 30. Be2 f6 31. Nd4 Bf5 32. Nxc6 Rd7 33. Bf3 fxe5 34. Bd5+ Kf8 35. Ba3 Be4 36. Nxe4+ Ke8 37. Nd6+ Rxd6 38. Bxd6 Kd7 39. Bxe5 Nxe5 40. Nxe5+ Kd6 41. Nd3 Bd4+ 42. Kf1 b5 43. Ke2 bxc4 44. bxc4 a6 45. Kf3 Bc5 46. Ke4 Ba3 47. g4 a5 48. g5 1-0


[Site "https://www.chess.com"]

[Event "Titled Tuesday Blitz December 27 Early 2022"]
[White "Mendez Fortes, Eduardo Jesus"]
[Black "Cruz, William Ferreira Da"]
[WhiteFideId "3502376"]
[BlackFideId "2118050"]
[WhiteElo "2250"]
[BlackElo "2216"]
[Result "1-0"]
[Round "09"]
[TimeControl "180+2"]
[Date "2022.12.27"]
[WhiteClock "0:01:24"]
[BlackClock "0:00:12"]

1. e4 e6 2. d4 d5 3. Nd2 Be7 4. c3 c5 5. dxc5 Nf6 6. exd5 Qxd5 7. Nb3 Qxd1+ 8. Kxd1 Nbd7 9. Bb5 O-O 10. Nf3 Nxc5 11. Nxc5 Bxc5 12. Ke2 Ne4 13. Be3 Bxe3 14. Kxe3 Nd6 15. Bd3 f6 16. Rad1 Nf7 17. Bc4 e5 18. Nd2 Bf5 19. Bb3 Rfd8 20. Nc4 Be6 21. Na5 Bxb3 22. axb3 Nd6 23. Ke2 Rac8 24. b4 b6 25. Nb3 Nc4 26. Rxd8+ Rxd8 27. Ra1 Nxb2 28. Rxa7 Nd1 29. Rc7 h5 30. Nd2 Nxf2 31. Nc4 Ne4 32. Nxb6 Rd2+ 33. Ke3 f5 34. Nd7 Rc2 35. Nxe5 Nxc3 36. Kd3 Re2 37. Rxc3 Rxe5 38. Kc4 g5 39. b5 Kf7 40. b6 Kf6 41. Rb3 Re8 42. b7 Rb8 43. Kd5 f4 44. Ke4 h4 45. h3 Kg6 46. Kf3 Kh5 47. Rb5 Kh6 48. Kg4 Kg6 49. Rb6+ Kf7 50. Kxg5 Ke7 51. Kxf4 Kd7 52. Rb2 Kc7 53. Kg4 Rg8+ 54. Kxh4 Kb8 55. g4 Rg7 56. Kg3 Rh7 57. h4 Rc7 58. h5 Rc3+ 59. Kh4 Rc4 60. h6 Rc1 61. g5 Rh1+ 62. Kg4 Rg1+ 63. Kh5 Rc1 64. h7 Rh1+ 65. Kg6 1-0


[Site "https://www.chess.com"]

[Event "Titled Tuesday Blitz December 27 Early 2022"]
[White "Minko, Dmitry"]
[Black "Matinian, Nikita"]
[WhiteFideId "24188468"]
[BlackFideId "24129100"]
[WhiteElo "2247"]
[BlackElo "2407"]
[Result "0-1"]
[Round "09"]
[TimeControl "180+2"]
[Date "2022.12.27"]
[WhiteClock "0:00:08"]
[BlackClock "0:01:14"]

1. e4 c5 2. Nf3 d6 3. d4 cxd4 4. Nxd4 Nf6 5. Nc3 g6 6. Be3 Nc6 7. f3 h5 8. Qd2 Nxd4 9. Bxd4 Bh6 10. Be3 Bxe3 11. Qxe3 Be6 12. O-O-O Qa5 13. a3 Rc8 14. Nd5 Bxd5 15. exd5 Qc5 16. Qb3 O-O 17. g3 Rc7 18. Bh3 b5 19. Rd2 a5 20. Re1 b4 21. a4 Rb8 22. g4 Kf8 23. g5 Nh7 24. f4 Qc4 25. Qxc4 Rxc4 26. f5 Nxg5 27. Bf1 Rf4 28. fxg6 fxg6 29. Bb5 Rf6 30. Rde2 Nf3 31. Rf1 Ne5 32. Rg1 Kg7 33. c3 bxc3 34. bxc3 Rc8 35. Kb2 Rf3 36. Rc1 Rc5 37. c4 Nd3+ 38. Kc2 Nxc1 39. Kxc1 Rc7 40. Re6 Rf6 41. Kd2 Rxe6 42. dxe6 Kf6 43. Kd3 Kxe6 44. Be8 Kf6 0-1


[Site "https://www.chess.com"]

[Event "Titled Tuesday Blitz December 27 Early 2022"]
[White "Moroni, Luca Jr"]
[Black "Ordekalog"]
[WhiteFideId "865834"]
[WhiteElo "2535"]
[BlackElo "2826"]
[Result "1-0"]
[Round "09"]
[TimeControl "180+2"]
[Date "2022.12.27"]
[WhiteClock "0:00:36"]
[BlackClock "0:00:02"]

1. d4 d5 2. Nf3 e6 3. Bf4 c5 4. e3 Nf6 5. Nbd2 Bd6 6. dxc5 Bxc5 7. Bd3 Nc6 8. O-O Bd6 9. Bxd6 Qxd6 10. e4 O-O 11. Qe2 Qe7 12. Rfe1 dxe4 13. Nxe4 Nxe4 14. Qxe4 g6 15. Rad1 Bd7 16. h4 Rad8 17. Qf4 Kg7 18. h5 Bc8 19. g3 Rd5 20. h6+ Kg8 21. Be4 Rxd1 22. Rxd1 e5 23. Qe3 Bg4 24. c3 Bxf3 25. Qxf3 Rd8 26. Bd5 Kf8 27. Re1 Rd6 28. Qe4 f5 29. Qc4 e4 30. Bxc6 bxc6 31. a4 g5 32. Qc5 Rf6 33. Qa5 f4 34. Qxg5 fxg3 35. fxg3 Ke8 36. Rxe4 Qxe4 37. Qxf6 Qe3+ 38. Kg2 Qd2+ 39. Kh3 Qd7+ 40. Kh4 Qd3 41. Qxc6+ Kf7 42. b4 a5 43. bxa5 1-0


[Site "https://www.chess.com"]

[Event "Titled Tuesday Blitz December 27 Early 2022"]
[White "Najdin, Danil"]
[Black "Borrmann, Laurenz"]
[WhiteFideId "4172426"]
[BlackFideId "312187930"]
[WhiteElo "2235"]
[BlackElo "2304"]
[Result "0-1"]
[Round "09"]
[TimeControl "180+2"]
[Date "2022.12.27"]
[WhiteClock "0:00:02"]
[BlackClock "0:00:07"]

1. e4 c6 2. d4 d5 3. exd5 cxd5 4. Bd3 Nf6 5. c3 Bg4 6. Qb3 Qc7 7. g3 Nc6 8. Bf4 e5 9. dxe5 Nxe5 10. Bb5+ Bd7 11. Nd2 Bd6 12. Bxe5 Bxe5 13. Ngf3 O-O 14. O-O Bh3 15. Rfe1 Bd6 16. Bf1 Bg4 17. Nd4 Bc5 18. Bg2 Rad8 19. h3 Bh5 20. Bf3 Bg6 21. Kg2 h5 22. h4 Rfe8 23. Qa4 a6 24. N4b3 Ba7 25. Qa5 Qc8 26. Nd4 Ne4 27. Rad1 Bb8 28. N2b3 Bc7 29. Qb4 Qb8 30. Na5 Bxg3 31. Qxb7 Bc7 32. Qxb8 Bxb8 33. Nac6 Rc8 34. Nxb8 Rxb8 35. Re2 a5 36. Nc6 Ra8 37. Rxd5 Nf6 38. Rxe8+ Rxe8 39. Rxa5 Kh7 40. Nd4 Ne4 41. Bxe4 Rxe4 42. Kg3 Rg4+ 43. Kf3 Rxh4 44. Kg3 Rg4+ 45. Kf3 Rg1 46. b4 h4 47. Rc5 h3 48. Ne2 h2 49. Ng3 Rxg3+ 50. fxg3 h1=Q+ 51. Ke3 Qe4+ 52. Kf2 Bf5 53. a4 Bg4 54. Kf1 Qf3+ 55. Kg1 Qxg3+ 56. Kf1 Qf3+ 57. Kg1 Bh3 58. Rg5 Qe3+ 0-1


[Site "https://www.chess.com"]